 Dungeon Crawl Stone Soup version 0.18.1-48-g4cf74bf (webtiles) character file.

96 Alarkh the Insei (level 4, 0/33 HPs)
             Began as a Vampire Skald on July 19, 2016.
             Slain by an adder (3 damage)
             ... on level 2 of the Dungeon.
             The game lasted 00:03:27 (1122 turns).

Alarkh the Insei (Vampire Skald)                    Turns: 1122, Time: 00:03:29

Health: 0/33       AC:  3    Str: 11    XL:     4   Next: 41%
Magic:  2/7        EV: 11    Int: 20    God:
Gold:   78         SH:  0    Dex: 13    Spells: 3 memorised, 1 level left

rFire  . . .     SeeInvis +       - Unarmed
rCold  . . .     Gourm    .     a - +0 leather armour
rNeg   . . .     Faith    .     (no shield)
rPois  .         Spirit   .     (no helmet)
rElec  .         Dismiss  .     (no cloak)
rCorr  .         Reflect  .     (no gloves)
SustAt .         Harm     .     (no boots)
MR     .....                    (no amulet)
Stlth  +.........               (no ring)
                                (no ring)

@: brilliant, lethally poisoned (0 -> -1), regenerating very quickly, not
resistant to hostile enchantments, very unstealthy
A: fangs 3, see invisible, unbreathing
a: no special abilities


You were on level 2 of the Dungeon.
You were almost alive.

You visited 1 branch of the dungeon, and saw 2 of its levels.

You collected 78 gold pieces.

Inventory:

Armour
 a - a +0 leather armour (worn)
Scrolls
 d - a scroll of recharging
 e - a scroll of identify
 f - a scroll of teleportation {unknown}
 h - a scroll of enchant weapon {unknown}
 j - a scroll of amnesia {unknown}
Potions
 c - 9 potions of blood
 i - a potion of might {unknown}
Books
 b - a book of Battle

   Spells                             Type                      Level
   a - Infusion                       Charms                       1
   b - Shroud of Golubria             Charms/Translocation         2
   c - Song of Slaying                Charms                       2
   d - Spectral Weapon                Hexes/Charms                 3
   e - Regeneration                   Charms/Necromancy            3


   Skills:
 - Level 1.7 Fighting
 - Level 0.7 Armour
 - Level 1.1 Dodging
 * Level 4.9 Unarmed Combat
 - Level 2.2 Spellcasting
 - Level 3.4 Charms


You had one spell level left.
You knew the following spells:

 Your Spells              Type           Power        Failure   Level  Hunger
a - Infusion              Chrm           ####         1%          1    #......
b - Shroud of Golubria    Chrm/Tloc      ###.......   2%          2    ##.....
e - Regeneration          Chrm/Necr      ###.......   4%          3    ###....


Dungeon Overview and Level Annotations

Branches:
Dungeon (2/15)

Altars:


Innate Abilities, Weirdness & Mutations

Your natural rate of healing is extremely fast.
You have razor-sharp teeth.
You have supernaturally acute eyesight.
You can survive without breathing.


Message History

You kill the worm!
The goblin hits you.
* * * LOW HITPOINT WARNING * * *
You see here a ring mail.
There is a stone staircase leading up here.
Read which item? (? for menu, Esc to quit)
As you read the scroll labeled GAPYOS APA, it crumbles to dust.
It is a scroll of identify.
Identify which item? (\ to view known items) (? for menu, Esc to quit)
d - a scroll of recharging The goblin barely misses you.
Drink which item? (? for menu, Esc to quit)
It was a potion of brilliance.
You feel clever all of a sudden. The adder bites you.
* * * LOW HITPOINT WARNING * * *
You are poisoned.
The adder poisons you! The goblin hits you but does no damage.
The adder bites you.
You die...

#.###...#.#
#.# ####.###
#.#...###.#
#.# #.#
..#>###
#.#######.##
#.# ###.
#..#...##..#
#.#
##......##.##
#)#
#.......#..#
#.#
#.......##.#
#.#
#.......##.##
#.#
##...g@###.)#
#)#
##..[S.####.#
#.# #.......#
#.# #.#
#.......# #.#
#.#
###.......#
#.# #.# ##
####........##
#.# #.# ...
##...w###...##
#.## #.#
#..#..####
##### #..# #.#
.#......#####
##.# #.#


You could see an adder, a dart slug and a goblin.

Vanquished Creatures
  2 adders (D:2)
  3 gnolls
  An ooze (D:2)
  A worm (D:2)
  2 dart slugs (D:2)
  2 giant geckos (D:1)
  2 ball pythons
  A giant cockroach (D:2)
  5 goblins
  7 hobgoblins (D:1)
  A kobold (D:1)
  4 bats (D:1)
  4 giant newts (D:1)
  3 rats
38 creatures vanquished.

Notes
Turn   | Place    | Note
--------------------------------------------------------------
     0 | D:1      | Alarkh the Vampire Skald began the quest for the Orb.
     0 | D:1      | Reached XP level 1. HP: 16/16 MP: 3/3
   216 | D:1      | Reached XP level 2. HP: 12/22 MP: 5/5
   493 | D:1      | Reached skill level 3 in Unarmed Combat
   781 | D:1      | Reached XP level 3. HP: 15/27 MP: 6/6
   880 | D:2      | Reached skill level 4 in Unarmed Combat
   965 | D:2      | Reached XP level 4. HP: 33/33 MP: 2/7
   969 | D:2      | Learned a level 2 spell: Shroud of Golubria
   973 | D:2      | Learned a level 3 spell: Regeneration
  1122 | D:2      | Slain by an adder

Skill      XL: |  1  2  3 |
---------------+----------+-----
Unarmed Combat | 3 4 |  4.9
Fighting       | |  1.7
Armour         | |  0.7
Dodging        | |  1.1
Spellcasting   | |  2.2
Charms         | |  3.4

Action                   |  1- 3 |  4- 6 || total
-------------------------+-------+-------++-------
Melee: Unarmed           |   118 |    33 ||   151
       Bite              |    17 |     3 ||    20
 Cast: Infusion          |     4 |     2 ||     6
       Shroud of Golubri |       |     1 ||     1
  Use: Potion            |    10 |     2 ||    12
       Scroll            |       |     1 ||     1
Armor: Leather armour    |    24 |     7 ||    31
Dodge: Dodged            |    70 |    14 ||    84
